Map: Светотень РВ

Players

EnigmA

  • Race: Protoss Protoss
  • League: Grandmaster
  • Spawn Location: 5:00

GeNieS - Winner!

  • Race: Protoss Protoss
  • League: Grandmaster
  • Spawn Location: 11:00

VOD

Have the link to the VOD?

Description

Time

  • Played on: Jan. 14, 2021, 8:31 a.m.
  • Length: 6:19
Show
View Real Time Build Order
Export as new Build Order

EnigmA Protoss 

Build Orders: Blink Stalkers 

Get SALT Encoding   

  12  0:00  Probe  
  13  0:12  Probe  
  14  0:17  Pylon  
  14  0:25  Probe (Chrono Boost)  
  15  0:37  Probe (Chrono Boost)  
  15  0:38  Gateway  
  16  0:46  Probe (Chrono Boost)  
  16  0:47  Assimilator  
  17  0:51  Probe  
  17  0:56  Assimilator  
  18  1:03  Probe (Chrono Boost)  
  19  1:09  Gateway  
  19  1:14  Probe (Chrono Boost)  
  20  1:23  Probe  
  20  1:27  Cybernetics Core  
  20  1:33  Pylon  
  20  1:36  Probe  
  21  1:48  Probe  
  22  2:00  Warp Gate (Chrono Boost), Probe  
  23  2:03  Stalker x2  
  27  2:12  Probe  
  28  2:19  Pylon  
  28  2:24  Probe  
  29  2:33  Stalker  
  31  2:37  Stalker  
  33  2:45  Twilight Council  
  33  2:52  Probe  
  34  3:13  Stalker  
  34  3:14  Stalker  
  38  3:27  Pylon  
  38  3:37  Robotics Facility  
  38  3:44  Blink, Pylon x2  
  37  3:57  Stalker  
  39  4:03  Gateway  
  39  4:25  Observer (Chrono Boost)  
  40  4:31  Pylon  
  40  4:32  Stalker  
  40  4:34  Stalker  
  44  4:54  Nexus  
  43  5:02  Stalker x2  
  43  5:06  Stalker  
  49  5:12  Probe  
  50  5:24  Probe (Chrono Boost)  
  51  5:33  Dark Shrine  
  52  5:35  Probe (Chrono Boost)  
  52  5:37  Pylon  
  52  5:40  Probe (Chrono Boost)  
  51  5:50  Probe  
  49  5:57  Stalker x2  
Show
View Real Time Build Order
Export as new Build Order

GeNieS Protoss - Winner!

Build Orders: Blink Stalkers, Dark Templar Rush 

Get SALT Encoding   

  12  0:00  Probe  
  13  0:12  Probe  
  14  0:18  Pylon  
  14  0:24  Probe (Chrono Boost)  
  15  0:29  Assimilator  
  15  0:38  Probe (Chrono Boost)  
  16  0:43  Probe (Chrono Boost)  
  16  0:47  Gateway  
  17  0:53  Probe (Chrono Boost)  
  17  0:56  Assimilator  
  18  1:05  Probe (Chrono Boost)  
  19  1:13  Probe (Chrono Boost)  
  20  1:19  Probe  
  20  1:24  Gateway  
  21  1:31  Probe  
  22  1:36  Cybernetics Core  
  22  1:40  Pylon  
  22  1:43  Probe  
  23  2:12  Twilight Council  
  23  2:13  Stalker x2  
  23  2:15  Warp Gate  
  27  2:29  Pylon  
  27  2:43  Stalker x2  
  31  2:50  Dark Shrine  
  31  2:54  Pylon  
  31  3:14  Gateway  
  31  3:19  Stalker x2  
  35  3:29  Blink (Chrono Boost)  
  35  3:56  Nexus  
  35  4:06  Dark Templar  
  35  4:07  Pylon  
  37  4:14  Dark Templar  
  39  4:25  Probe  
  40  4:33  Stalker  
  42  4:45  Shield Battery  
  42  4:47  Stalker x2  
  46  4:53  Probe  
  47  5:10  Stalker x3  
  53  5:26  Probe x2  
  55  5:37  Stalker x3  
  61  5:44  Probe  
  58  6:14  Stalker x3  
Tags
 
Add a new tag
Caveats
  • Supply blocks, unpowered buildings, or Contaminate may cause inaccurate times.
  • Supply counts are checked every 10 seconds.